 Dungeon Crawl Stone Soup version 0.20.1-1-g8b1a95d (webtiles) character file.

30627 witty the Martial Artist (level 13, -4/128 HPs)
             Began as a Naga Transmuter on Sept 2, 2017.
             Was the Champion of Cheibriados.
             Slain by a polar bear (8 damage)
             ... in an ice cave on Sept 4, 2017.
             The game lasted 00:49:41 (14349 turns).

witty the Martial Artist (Naga Transmuter)         Turns: 14349, Time: 00:49:41

Health: -4/128     AC: 17    Str: 28    XL:     13   Next: 52%
Magic:  16/19      EV: 16    Int: 32    God:    Cheibriados [******]
Gold:   677        SH:  4    Dex: 33    Spells: 10/23 levels left

rFire    . . .     SeeInvis +     - Unarmed
rCold    . . .     Gourm    .   (shield currently unavailable)
rNeg     . . .     Faith    .   K - +5 leather armour "Vauschytu" {Dex+7 SInv}
rPois    +         Spirit   .   s - +2 helmet
rElec    .         Reflect  .   M - +2 cloak {+Inv}
rCorr    .         Harm     .   (gloves currently unavailable)
MR       ++...                  (no barding)
Stlth    +++.......             z - amulet of regeneration
Regen    0.8/turn               j - ring of protection from magic
MPRegen  0.2/turn               (no ring)

@: blade hands, very slow
A: large bone plates 1, see invisible, clumsy 1, deformed body, low mp 1, poison
resistance, slowness 2, slow metabolism 1, spit poison 1, constrict 1, AC +4
a: Spit Poison, End Transformation, Bend Time, Temporal Distortion, Slouch, Step
From Time, Renounce Religion, Evoke Invisibility


You were in an ice cave.
You worshipped Cheibriados.
Cheibriados was exalted by your worship.
You were not hungry.
You had blades for hands.
You visited 3 branches of the dungeon, and saw 17 of its levels.
You also visited: Ice Cave.

You collected 677 gold pieces.

Inventory:

Hand Weapons
 N - the +10 shortbow "Coage" {venom, rElec rN+ Str+3}
   (You found it on level 3 of the Lair of Beasts)

   It poisons the ammo it fires.
   It affects your strength (+3).
   It insulates you from electricity.
   It protects you from negative energy.
Missiles
 a - 73 arrows
 L - a throwing net (quivered)
Armour
 b - a +0 robe
 s - a +2 helmet (worn)
 u - a +0 cloak
 v - a +0 pair of gloves (melded)
 K - the +5 leather armour "Vauschytu" (worn) {Dex+7 SInv}
   (You found it on level 3 of the Lair of Beasts)

   It affects your dexterity (+7).
   It lets you see invisible.
 M - a +2 cloak of invisibility (worn)
 U - +0 ice dragon scales
Jewellery
 j - a ring of protection from magic (left scythe-like blade)
 t - an uncursed ring of ice {unknown}
 z - an amulet of regeneration (around neck)
 D - an uncursed amulet of guardian spirit
 P - an uncursed ring of protection from magic
Wands
 i - a wand of digging (7/24)
 m - a wand of polymorph (11/24)
 w - a wand of flame (30/48)
 F - a wand of flame (31/48)
 R - a wand of lightning (9/15)
Scrolls
 g - 6 scrolls of identify
 k - 6 scrolls of remove curse
 l - 4 scrolls of recharging
 q - 4 scrolls of amnesia
 y - 2 scrolls of teleportation
 A - 2 scrolls of enchant armour
 G - 2 scrolls of random uselessness
 H - 2 scrolls of noise
 I - 2 scrolls of enchant weapon
 Q - a scroll of fog
 T - a scroll of fear
Potions
 e - 3 potions of brilliance
 o - 4 potions of mutation
 p - 2 potions of curing
 r - 2 potions of resistance
 x - a potion of invisibility
 E - a potion of heal wounds
Books
 c - a book of Changes

   Spells                             Type                      Level
   a - Beastly Appendage              Transmutation                1
   b - Sticks to Snakes               Transmutation                2
   c - Spider Form                    Transmutation/Poison         3
   d - Ice Form                       Ice/Transmutation            4
   e - Blade Hands                    Transmutation                5
 B - a book of Enchantments

   Spells                             Type                      Level
   a - Cause Fear                     Hexes                        4
   b - Yara's Violent Unravelling     Hexes/Transmutation          5
   c - Silence                        Hexes/Air                    5
   d - Deflect Missiles               Charms/Air                   6
   e - Discord                        Hexes                        8
 C - a book of Battle

   Spells                             Type                      Level
   a - Infusion                       Charms                       1
   b - Shroud of Golubria             Charms/Translocation         2
   c - Song of Slaying                Charms                       2
   d - Spectral Weapon                Hexes/Charms                 3
   e - Regeneration                   Charms/Necromancy            3
Miscellaneous
 O - a phial of floods
Comestibles
 d - 8 bread rations
 f - 26 fruits
 h - 6 royal jellies
 n - 8 meat rations
 J - 2 chunks of flesh


   Skills:
 + Level 11.8 Fighting
 + Level 1.9 Armour
 - Level 6.0 Dodging
 - Level 3.2 Stealth
 + Level 12.2 Unarmed Combat
 + Level 5.7 Spellcasting
 - Level 2.3 Charms
 - Level 8.0 Transmutations
 - Level 5.1 Poison Magic
 + Level 5.9 Invocations
 + Level 5.1 Evocations


You had 10 spell levels left.
You knew the following spells:

 Your Spells              Type           Power        Failure   Level  Hunger
a - Beastly Appendage     Tmut           ######       9%          1    None
b - Sticks to Snakes      Tmut           ######..     10%         2    None
c - Spider Form           Tmut/Pois      ######....   16%         3    None
d - Song of Slaying       Chrm           ###.....     26%         2    None
e - Blade Hands           Tmut           ######....   34%         5    #####..


Dungeon Overview and Level Annotations

Branches:
Dungeon (10/15)            Temple (1/1) D:5            Lair (6/6) D:10
 Spider (0/4) Lair:2        Slime (0/5) Lair:5
  Swamp: Lair:2-4    Shoals: Lair:2-4       Orc: D:9-12

Altars:
Ashenzari
Cheibriados
Dithmenos
Elyvilon
Fedhas
Gozag
Kikubaaqudgha
Makhleb
Nemelex Xobeh
Okawaru
Qazlal
Ru
Sif Muna
Trog
Uskayaw
Vehumet
Xom
Yredelemnul
Zin
The Shining One

Shops:
D:8 ?[

Annotations:
Lair:1 exclusion: hydra
Lair:2 exclusion: 2 hydras
Lair:4 exclusion: ice statue
Lair:5 exclusion: 2 oklob plants


Innate Abilities, Weirdness & Mutations

You cannot wear boots.
Your serpentine skin is tough. (AC +4)
You have supernaturally acute eyesight. (SInv)
Armour fits poorly on your strangely shaped body.
Your system is resistant to poisons. (rPois)
You cover ground very slowly.
You have a slow metabolism.
You can spit poison.
You can use your snake-like lower body to constrict enemies.
You are partially covered in large bone plates. (SH +4)
You are clumsy. (Dex -2)
Your magical capacity is low. (-10% MP)


Message History

You enter the shallow water.
Moving in this stuff is going to be slow.
You are engulfed in freezing vapours.
Ouch! That really hurt!
* * * LOW HITPOINT WARNING * * *
The polar bear is engulfed in freezing vapours.
The polar bear barely misses you.
The polar bear claws you but does no damage.
The polar bear barely misses you.
The polar bear is engulfed in freezing vapours.
The polar bear goes berserk!
The polar bear bites you!!
* * * LOW HITPOINT WARNING * * *
A wolf comes into view.
The wolf howls!
The polar bear claws you.
* * * LOW HITPOINT WARNING * * *
The polar bear barely misses you.
The polar bear is engulfed in freezing vapours.
The polar bear bites you!
You die...

#### #######..# ###
##.#..÷.∩[# #... ##
###.....∩..##
..h..#.###........###
#..§#h#..###.####
#§§@§§## ### ##§§§##
##§## ###


You could see a polar bear (berserk) and a wolf.

Vanquished Creatures
  2 ice dragons
  A hydra (Lair:5)
  Harold (Lair:3)
  3 two-headed ogres
  The ghost of bande the Cleaver, a novice MiBe of Trog (D:7)
  Pikel (D:7)
  2 black mambas (Lair:2)
  14 elephants
  A centaur skeleton (D:9)
  7 spiny frogs
  4 rime drakes
  4 komodo dragons
  Prince Ribbit (D:6)
  5 polar bears
  Grinder (D:3)
  5 blink frogs (Lair:5)
  10 hippogriffs
  A spriggan (D:7)
  3 wyverns
  Sigmund (D:4)
  11 yaks
  3 basilisks
  2 hungry ghosts
  A steam dragon (Lair:4)
  Edmund (D:5)
  2 swamp worms (Lair:4)
  Duvessa (D:5)
  5 water moccasins
  3 porcupines
  8 ice beasts
  4 sky beasts
  4 orc warriors
  A black bear (Lair:5)
  A phantom (D:8)
  3 ogres
  11 wolves
  2 centaurs
  A necrophage (D:5)
  6 crocodiles
  17 bullfrogs
  A big kobold (D:8)
  Dowan (D:5)
  3 scorpions
  5 wights (D:6)
  2 howler monkeys (D:5)
  2 electric eels
  3 crimson imps
  6 hounds
  3 orc priests
  9 jellies
  3 bullfrog skeletons
  A gnoll shaman (D:5)
  5 orc wizards
  Jessica (D:3)
  3 iguanas
  4 hell rats (Lair:3)
  6 worker ants
  A worker ant zombie (D:4)
  5 gnolls (D:5)
  A howler monkey skeleton (D:7)
  9 adders
  2 shadow imps
  A white imp (Lair:4)
  5 oozes
  2 adder zombies (D:7)
  An adder skeleton (D:9)
  2 worms
  2 dart slugs (D:1)
  A leopard gecko (D:2)
  16 orcs
  4 giant cockroaches
  9 hobgoblins
  13 jackals
  11 kobolds
  3 quokkas
  2 ball pythons (D:1)
  4 bats
  6 frilled lizards
  12 goblins
  A jackal zombie (D:5)
  A quokka skeleton (D:5)
  7 rats
334 creatures vanquished.

Vanquished Creatures (collateral kills)
  An ooze (D:2)
  A dart slug (D:1)
  A leopard gecko (D:2)
  A bat (D:1)
  2 goblins (D:1)
  A jackal (D:1)
  A frilled lizard (D:1)
8 creatures vanquished.

Vanquished Creatures (others)
  3 yaks (IceCv)
  A slave (D:9)
  4 wolves (IceCv)
  A hound (D:9)
  A hound skeleton (D:7)
  12 fungi
  2 plants (Lair:2)
24 creatures vanquished.

Grand Total: 366 creatures vanquished

Notes
Turn   | Place    | Note
-------+----------+-------------------------------------------
     0 | D:1      | witty the Naga Transmuter began the quest for the Orb.
     0 | D:1      | Reached XP level 1. HP: 18/18 MP: 3/3
   220 | D:1      | Reached XP level 2. HP: 17/25 MP: 3/5
   254 | D:1      | Learned a level 2 spell: Sticks to Snakes
  1210 | D:1      | Reached XP level 3. HP: 28/32 MP: 2/6
  1914 | D:2      | Learned a level 3 spell: Spider Form
  2998 | D:2      | Reached XP level 4. HP: 34/39 MP: 7/7
  3870 | D:3      | Noticed Jessica
  3875 | D:3      | Killed Jessica
  3875 | D:3      | Reached skill level 4 in Unarmed Combat
  4128 | D:3      | Noticed Grinder
  4155 | D:3      | Killed Grinder
  4155 | D:3      | Reached XP level 5. HP: 18/49 MP: 5/8
  4155 | D:3      | Reached XP level 6. HP: 20/56 MP: 5/9
  4650 | D:3      | Found a shattered altar of Ashenzari.
  4650 | D:3      | Found an ancient bone altar of Kikubaaqudgha.
  5015 | D:4      | Reached XP level 7. HP: 57/62 MP: 5/10
  5035 | D:4      | Found a glowing golden altar of the Shining One.
  5045 | D:4      | Reached skill level 5 in Unarmed Combat
  5147 | D:4      | Found a bloodstained altar of Trog.
  5147 | D:4      | Found a shimmering altar of Xom.
  5603 | D:4      | Noticed Sigmund
  5614 | D:4      | Killed Sigmund
  5614 | D:4      | Reached skill level 5 in Poison Magic
  5614 | D:4      | Reached XP level 8. HP: 60/73 MP: 5/11
  5760 | D:4      | Reached skill level 5 in Transmutations
  5912 | D:5      | Entered Level 5 of the Dungeon
  5912 | D:5      | Noticed Edmund
  5927 | D:5      | Killed Edmund
  6028 | D:5      | Reached skill level 6 in Unarmed Combat
  6183 | D:5      | Reached skill level 5 in Fighting
  6308 | D:4      | Gained mutation: Your magical capacity is low. (-10% MP) [potion of mutation]
  6308 | D:4      | Gained mutation: You are clumsy. (Dex -2) [potion of mutation]
  6308 | D:4      | Gained mutation: You are partially covered in large bone plates. (SH +4) [potion of mutation]
  7022 | D:5      | Reached XP level 9. HP: 70/82 MP: 6/10
  7113 | D:5      | Noticed Duvessa
  7114 | D:5      | Noticed Dowan
  7129 | D:5      | Killed Duvessa
  7129 | D:5      | Reached skill level 7 in Unarmed Combat
  7140 | D:5      | Killed Dowan
  7375 | D:5      | Found a staircase to the Ecumenical Temple.
  7471 | D:6      | Noticed Prince Ribbit
  7537 | Temple   | Entered the Ecumenical Temple
  7630 | Temple   | Became a worshipper of Cheibriados the Contemplative
  7728 | D:6      | Killed Prince Ribbit
  8039 | D:6      | Reached * piety under Cheibriados
  8130 | D:6      | Reached skill level 8 in Unarmed Combat
  8398 | D:7      | Noticed bande's ghost (novice MiBe)
  8448 | D:7      | Killed bande's ghost
  8448 | D:7      | Reached skill level 5 in Dodging
  8448 | D:7      | Reached XP level 10. HP: 58/96 MP: 6/11
  8988 | D:7      | Noticed Pikel
  9005 | D:7      | Killed Pikel
  9005 | D:7      | Reached skill level 9 in Unarmed Combat
  9324 | D:8      | Found Nier's Antique Armour Shoppe.
  9435 | D:8      | Reached ** piety under Cheibriados
  9655 | D:8      | Found Ynatwog's Magic Scroll Shop.
 10124 | D:9      | Noticed a two-headed ogre
 10137 | D:9      | Killed a two-headed ogre
 10375 | D:9      | Noticed a two-headed ogre
 10383 | D:9      | Killed a two-headed ogre
 10383 | D:9      | Reached skill level 10 in Unarmed Combat
 10383 | D:9      | Reached XP level 11. HP: 82/106 MP: 8/12
 10515 | D:9      | Reached skill level 10 in Fighting
 10892 | D:10     | Entered Level 10 of the Dungeon
 10892 | D:10     | Noticed a death yak
 11009 | D:10     | Noticed a two-headed ogre
 11027 | D:10     | Killed a two-headed ogre
 11059 | D:10     | Found a staircase to the Lair.
 11086 | D:10     | Learned a level 2 spell: Song of Slaying
 11098 | D:10     | Noticed an unseen horror
 11101 | Lair:1   | Entered Level 1 of the Lair of Beasts
 11195 | Lair:1   | Reached *** piety under Cheibriados
 11272 | Lair:1   | Reached skill level 1 in Charms
 11282 | Lair:1   | Noticed a five-headed hydra
 11494 | Lair:1   | You fall through a shaft!
 11524 | Lair:2   | Noticed a seven-headed hydra
 11712 | Lair:2   | Learned a level 5 spell: Blade Hands
 11908 | Lair:1   | Reached skill level 1 in Stealth
 12075 | Lair:2   | Noticed a five-headed hydra
 12087 | Lair:2   | Found a hole to the Spider Nest.
 12160 | Lair:2   | Reached skill level 11 in Unarmed Combat
 12270 | Lair:3   | Got a twisted leather armour
 12281 | Lair:3   | Identified the +5 leather armour "Vauschytu" {Dex+7 SInv} (You found it on level 3 of the Lair of Beasts)
 12341 | Lair:3   | Noticed Harold
 12415 | Lair:3   | Reached **** piety under Cheibriados
 12476 | Lair:3   | Identified a scroll of acquirement
 12590 | Lair:3   | Got a smoking shortbow
 12592 | Lair:3   | Identified the +10 shortbow "Coage" {venom, rElec rN+ Str+3} (You found it on level 3 of the Lair of Beasts)
 12610 | Lair:3   | Reached skill level 1 in Invocations
 12610 | Lair:3   | Reached skill level 1 in Evocations
 12693 | Lair:3   | Reached XP level 12. HP: 118/118 MP: 14/14
 12792 | Lair:3   | Killed Harold
 13171 | Lair:4   | Reached ***** piety under Cheibriados
 13220 | Lair:4   | Noticed an ice dragon
 13236 | Lair:4   | Killed an ice dragon
 13626 | Lair:5   | Gained mutation: You can use your snake-like lower body to constrict enemies. [Naga growth]
 13626 | Lair:5   | Reached XP level 13. HP: 111/127 MP: 12/18
 13635 | Lair:5   | Reached skill level 5 in Spellcasting
 13641 | Lair:5   | Reached skill level 5 in Invocations
 13800 | Lair:5   | Reached skill level 12 in Unarmed Combat
 13885 | Lair:5   | Reached skill level 1 in Armour
 13999 | Lair:5   | Found a staircase to the Slime Pits.
 14043 | Lair:6   | Entered Level 6 of the Lair of Beasts
 14113 | Lair:6   | Found a frozen archway.
 14117 | Lair:6   | Noticed an ice dragon
 14124 | Lair:6   | Reached skill level 5 in Evocations
 14132 | Lair:6   | Killed an ice dragon
 14135 | Lair:6   | Reached ****** piety under Cheibriados
 14148 | IceCv    | Entered an ice cave
 14349 | IceCv    | HP: 6/128 [polar bear (19)]
 14349 | IceCv    | Slain by a polar bear

Skill      XL: |  1  2  3  4  5  6  7  8  9 10 11 12 13 |
---------------+----------------------------------------+-----
Fighting       | 2 3 4 5 7 9 10 11 | 11.8
Transmutations | 3 4 5 6 8 |  8.0
Unarmed Combat | 4 5 6 8 10 11 12 | 12.2
Poison Magic   | 2 3 5 |  5.1
Dodging        | 3 5 6 |  6.0
Charms         | 2 |  2.3
Stealth        | 3 |  3.2
Invocations    | 1 4 5 |  5.9
Evocations     | 1 4 5 |  5.1
Spellcasting   | 4 5 |  5.7
Armour         | 1 |  1.9

Action                   |  1- 3 |  4- 6 |  7- 9 | 10-12 | 13-15 || total
-------------------------+-------+-------+-------+-------+-------++-------
Melee: Unarmed           |   109 |   122 |   380 |   620 |   123 ||  1354
       Punch             |       |     1 |     3 |    28 |    17 ||    49
       Constrict         |       |       |       |       |    28 ||    28
 Cast: Beastly Appendage |     1 |       |       |       |       ||     1
       Sticks to Snakes  |    16 |     2 |       |       |       ||    18
       Spider Form       |       |     6 |    34 |    38 |       ||    78
       Blade Hands       |       |       |       |     6 |     4 ||    10
Invok: Bend Time         |       |       |     2 |       |       ||     2
 Abil: Spit Poison       |    53 |    16 |       |     1 |       ||    70
       End Transformatio |       |       |       |     2 |       ||     2
  Use: Scroll            |     4 |     1 |       |    18 |     1 ||    24
       Potion            |     2 |     2 |    10 |     1 |     1 ||    16
 Stab: Sleeping          |       |       |     1 |     2 |     1 ||     4
       Distracted        |       |       |       |     2 |     2 ||     4
  Eat: Chunk             |     9 |     6 |    10 |    16 |     3 ||    44
       Bread ration      |       |       |     1 |     1 |       ||     2
Armor: Robe              |    28 |    15 |    15 |    32 |       ||    90
       Skin              |       |       |    10 |    13 |       ||    23
       Leather armour    |       |       |       |    98 |    52 ||   150
Dodge: Dodged            |    95 |    61 |   240 |   496 |    97 ||   989
Block: Other             |       |       |     6 |    57 |    28 ||    91
